 Dungeon Crawl Stone Soup version 0.29.1-12-g30fa7ad0bf (webtiles) character file.

Game seed: 13131322768001391128

4 Jushak the Caller (level 1, 0/13 HPs)
             Began as a Merfolk Summoner on Jan 13, 2023.
             Slain by an endoplasm (2 damage)
             ... on level 1 of the Dungeon.
             The game lasted 00:01:04 (232 turns).

Jushak the Caller (Merfolk Summoner)                 Turns: 232, Time: 00:01:05

Health: 0/13       AC:  2    Str:  8    XL:     1   Next: 60%
Magic:  1/3        EV: 12    Int: 14    God:
Gold:   0          SH:  0    Dex: 14    Spells: 3/4 levels left

rFire   . . .      SeeInvis .   (no weapon)
rCold   . . .      Faith    .   (no shield)
rNeg    . . .      Spirit   .   a - +0 robe
rPois   .          Reflect  .   (no helmet)
rElec   .          Harm     .   (no cloak)
rCorr   .          Rampage  .   (no gloves)
Will    .....                   (no boots)
Stlth   ++........              (no amulet)
HPRegen 0.04/turn               (no ring)
MPRegen 0.08/turn               (no ring)

@: no status effects
A: (nimble swimmer 2), mertail
a: no special abilities


You were on level 1 of the Dungeon.
You visited 1 branch of the dungeon, and saw 1 of its levels.

Inventory:

Armour
 a - a +0 robe (worn)
Potions
 b - a potion of magic


   Skills:
 + Level 2.8 Dodging
 + Level 2.3 Stealth
 + Level 2.0 Spellcasting
 + Level 4.0 Summonings


You had 3 spell levels left.
You knew the following spells:

 Your Spells              Type           Power      Damage    Failure   Level
a - Summon Small Mammal   Summ           48%        N/A       4%          1

Your spell library contained the following spells:

 Spells                   Type           Power      Damage    Failure   Level
 Call Imp                 Summ           12%        N/A       7%          2
 Call Canine Familiar     Summ           12%        N/A       14%         3
 Summon Guardian Golem    Hex/Summ       7%         N/A       30%         3
 Summon Lightning Spire   Summ/Air       7%         N/A       71%         4


Dungeon Overview and Level Annotations

Branches:
Dungeon (1/15)

Altars:


Innate Abilities, Weirdness & Mutations

((You are very nimble when in or above water. (Stealth+, EV+, Speed+++)))
Your lower body shifts to a powerful aquatic tail in water.


Message History

You escape the ball python's grasp.
Found 10 gold pieces.
Casting: Summon Small Mammal (safe; 4% risk of failure)
Confirm with . or Enter, or press ? or * to list all spells.
The ball python bites you. The ball python barely misses you.
Casting: Summon Small Mammal (safe; 4% risk of failure)
Confirm with . or Enter, or press ? or * to list all spells.
You miscast Summon Small Mammal.
You are very lightly contaminated with residual magic.
Nothing appears to happen.
Your bat hits the ball python. The ball python bites you.
The ball python grabs you. The ball python constricts you.
Your bat barely misses the ball python.
The goblin hits you with a +0 club.
* * * LOW HITPOINT WARNING * * *
You escape the ball python's grasp.
You swap places.
The ball python closely misses you. The ball python barely misses you.
Your bat barely misses the ball python.
The goblin misses your bat.
Found 12 gold pieces.
Your bat closely misses the ball python.
Your bat hits the goblin.
The goblin dies!
You see here 10 gold pieces.
The goblin hits your bat with a +1 dagger of protection.
Your bat hits the ball python. The ball python misses you.
The ball python barely misses you.
The ball python attacks as you move away!
The ball python barely misses you.
Your bat hits the ball python. The ball python misses your bat.
The ball python grabs your bat. The ball python constricts your bat.
Your bat struggles to escape constriction.
Your bat barely misses the ball python.
Your bat struggles to escape constriction.
The ball python barely misses your bat. The ball python constricts your bat.
Your bat dies!
Your bat's corpse disappears in a puff of smoke!
The ball python hisses angrily.
You see here 4 poisoned darts.
Your magical contamination has completely faded away.
There is an open door here.
The endoplasm hits you.
You die...

#.########..)#...#
#.#........#.....#
#.#.######.#$....#
#.#.# #.#.....#
#.#.# #.#.....#.#
#.#.######.#.......#
#.#.J.......(.....##
#.########.#.#....#
#.......@Jg..#.##.#
#########S##.#.. .#
#.......##.# #
#.......# .#
#.......+ #.......#
#.....†.# #.......#
#.......#


You could see an endoplasm, a goblin and a ball python.

Vanquished Creatures (collateral kills)
  An endoplasm (D:1)
  A goblin (D:1)
  2 rats (D:1)
4 creatures vanquished.

Notes
Turn   | Place    | Note
-------+----------+-------------------------------------------
     0 | D:1      | Jushak the Merfolk Summoner began the quest for the Orb.
     0 | D:1      | Reached XP level 1. HP: 13/13 MP: 3/3
   232 | D:1      | Slain by an endoplasm

Illustrated notes

Levels and vault maps discovered:
D:1:      wheals_arrival_linesprint, layout_basic,
          ebering_ecumenical_altar_mist, minmay_hedge_maze

Action                   || total
-------------------------++-------
Melee: Unarmed           ||     3
 Cast: Summon Small Mamm ||     9
Armor: Robe              ||     3
Dodge: Dodged            ||    13
